 Dungeon Crawl Stone Soup version 0.32-a0-422-g28b100f618 (webtiles) character file.

Game seed: 15703186370106839794

16 Bravepunisher the Ducker (level 2, 0/16 HPs)
             Began as a Spriggan Monk on Feb 21, 2024.
             Slain by a gnoll
             ... wielding a +0 club
              (7 damage)
             ... on level 4 of the Dungeon.
             The game lasted 00:02:04 (387 turns).

Bravepunisher the Ducker (Spriggan Monk)             Turns: 387, Time: 00:02:05

Health: 0/16       AC:  2    Str:  7    XL:     2   Next: 37%
Magic:  3/3        EV: 19    Int: 11    God:
Gold:   7          SH:  0    Dex: 17    Spells: 1/1 levels left

rFire   . . .        a - +0 short sword
rCold   . . .        (no shield)
rNeg    . . .        b - +0 robe
rPois   .            (helmet restricted)
rElec   .            (no cloak)
rCorr   .            (gloves unavailable)
SInv    +            (boots unavailable)
Will    .....        (no amulet)
Stlth   ++           (no ring)
HPRegen 0.22/turn    (no ring)
MPRegen 0.08/turn

%: no passive effects
@: very quick
A: very small, no large weapons, unfitting armour, see invisible, speed 3
a: no special abilities


You were on level 4 of the Dungeon.
You visited 1 branch of the dungeon, and saw 4 of its levels.

You collected 7 gold pieces.

Inventory:

Hand Weapons
 a - a +0 short sword (weapon)
Armour
 b - a +0 robe (worn)
 d - the +2 robe "Poel" {rElec rN+}
   (You found it on level 4 of the Dungeon)

   rElec:     It insulates you from electricity.
   rN+:       It protects you from negative energy.
Jewellery
 e - the ring "Edonel" {rPois rF- rN++ Dex+4}
   (You found it on level 4 of the Dungeon)

   [ring of poison resistance]

   Dex+4:     It affects your dexterity (+4).
   rF-:       It makes you vulnerable to fire.
   rPois:     It protects you from poison rN++: It greatly protects you from
   negative energy.
Potions
 c - a potion of ambrosia


   Skills:
 + Level 2.6 Fighting
 - Level 3.2 Short Blades
 * Level 4.8 Dodging


You had one spell level left.
You didn't know any spells.
Your spell library was empty.

Dungeon Overview and Level Annotations

Branches:
Dungeon (4/15)
 Temple: D:4-7

Altars:
Zin

Annotations:
D:4 2 transporters


Innate Abilities, Weirdness & Mutations

You are very small and have problems with some larger weapons.
You are too small for most types of armour.
You have supernaturally acute eyesight. (SInv)
You cover ground extremely quickly. (Speed+++)


Message History

The goblin is moderately wounded.
You hit the goblin.
You kill the goblin!
The quokka attacks as it pursues you! The quokka misses you.
You see here a +0 dagger.
A gnoll comes into view.
It is wielding a +0 spear. 2 gnolls come into view.
The gnoll shouts! x2; You hear a shout!
The gnoll moves out of view. x2
The gnoll closely misses you. The gnoll completely misses you.
The gnoll misses you.
You hit the kobold.
The kobold is moderately wounded.
The gnoll closely misses you. The kobold closely misses you.
The gnoll barely misses you.
The gnoll hits you from afar with a +0 spear.
You closely miss the kobold.
The kobold is moderately wounded.
The gnoll hits you with a +0 club. The gnoll closely misses you.
The gnoll barely misses you. The kobold misses you.
You hit the kobold but do no damage.
The kobold is moderately wounded.
The quokka completely misses you.
You hit the kobold.
You kill the kobold!
The gnoll hits you with a +0 spear. The gnoll misses you.
The gnoll closely misses you. The quokka closely misses you.
Unknown command.
The gnoll completely misses you. The gnoll hits you with a +0 spear.
Things that are here:
a +0 dagger; 3 stones; a kobold corpse The gnoll closely misses you.
The hobgoblin misses you.
You hit the hobgoblin.
The hobgoblin is heavily wounded.
The gnoll barely misses you.
The hobgoblin hits you but does no damage.
You closely miss the hobgoblin.
The hobgoblin is heavily wounded.
The gnoll hits you with a +0 club!
You die...

#.#.#.###...........#......
##+#+#>..+........####.....(
#.......##........# #######
#.$.....##...######
#..W<...###### #.......#####
#...........# #.W########g#
#.g.....# #@### #.#####.#
#g..# #. #.# #rg.# .. ####.#
#g..# ....#....# #g####
S........# #g...#
...PP.P...# ####r#
..S.PP..######.#
.gPP.P.#.gg.)..#


You could see 5 gnolls, a quokka and a hobgoblin.

Vanquished Creatures
  A giant cockroach (D:2)
  A goblin (D:4)
  2 hobgoblins (D:2)
  A quokka (D:2)
  A ball python (D:1)
  A kobold (D:4)
  2 rats (D:2)
9 creatures vanquished.

Notes
Turn   | Place    | Note
-------+----------+-------------------------------------------
     0 | D:1      | Bravepunisher the Spriggan Monk began the quest for the
                  | Orb.
     0 | D:1      | Reached XP level 1. HP: 11/11 MP: 2/2
    99 | D:2      | Reached XP level 2. HP: 14/16 MP: 3/3
   280 | D:4      | Identified the +2 robe "Poel" {rElec rN+}
   282 | D:4      | Noticed a phantom
   298 | D:4      | Found a transporter.
   300 | D:4      | Found a transporter.
   300 | D:4      | Noticed an orc warrior
   301 | D:4      | Noticed a wyvern
   302 | D:4      | Found a glowing silver altar of Zin.
   307 | D:4      | Noticed a scorpion
   312 | D:4      | Identified the ring "Edonel" {rPois rF- rN++ Dex+4}
   340 | D:4      | Noticed a phantom
   360 | D:4      | Noticed a gnoll sergeant
   387 | D:4      | Slain by a gnoll

Illustrated notes

Levels and vault maps discovered:
D:1:      wander_arrival_abandoned_jail, layout_basic
D:2:      layout_basic, grunt_ministairs_10, minmay_gold_behind_fungi,
          uniq_natasha, uniq_crazy_yiuf_cottage
D:3:      layout_rooms, nicolae_overflow_crystal_walls,
          mainiacjoe_overflow_catwalk, uniq_sigmund
D:4:      layout_basic, gammafunk_temple_overflow_arena, kennysheep_mini_moat,
          nicolae_grassy_gnolls

Action                     || total
---------------------------++-------
  Melee: Short sword       ||    37
   Stab: Sleeping          ||     1
 Armour: Robe              ||    18
  Dodge: Dodged            ||    67

Table legend: (Time is in decaauts)
 A = Elapsed time spent in this place.
 B = Non-inter-level travel time spent in this place.
 C = Inter-level travel time spent in this place.
 D = Time resting spent in this place.
 E = Time spent auto-exploring this place.
 F = Levels seen in this place.
 G = Mean time per level.
                   A        B        C        D        E       F      G
               +--------+--------+--------+--------+--------+-----+--------+
         Total |    249 |    249 |      0 |      0 |     11 |   4 |   62.2 |
       Dungeon |    249 |    249 |      0 |      0 |     11 |   4 |   62.2 |
               +--------+--------+--------+--------+--------+-----+--------+

Top non-repeatable levels by time:
     D:2: 144 daAuts
     D:4: 69 daAuts
     D:1: 23 daAuts
     D:3: 11 daAuts
